 Dungeon Crawl Stone Soup version 0.24.0-123-gd5b16e6ec5 (webtiles) character file.

Game seed: 16315997423886107451, levelgen mode: deterministic

7792 heesunah the Fighter (level 11, -8/124 HPs)
             Began as an Ogre Berserker on Feb 4, 2020.
             Was an Elder of Trog.
             Mangled by an ogre
             ... wielding a +0 giant club
              (21 damage)
             ... on level 9 of the Dungeon.
             The game lasted 00:26:41 (12653 turns).

heesunah the Fighter (Ogre Berserker)              Turns: 12653, Time: 00:26:42

Health: -8/124     AC:  7    Str: 26    XL:     11   Next: 20%
Magic:  4/11       EV: 11    Int: 15    God:    Trog [****..]
Gold:   360        SH:  0    Dex: 14    Spells: 10/10 levels left

rFire    + . .     SeeInvis .   a - +7 whip "Faorgh" {slash, rF++ Int+7}
rCold    + . .     Gourm    .   (no shield)
rNeg     . . .     Faith    .   p - +1 robe {MR+}
rPois    +         Spirit   .   (helmet restricted)
rElec    .         Reflect  .   K - +2 cloak {rPois}
rCorr    .         Harm     .   (gloves unavailable)
MR       ++++.                  (boots unavailable)
Stlth    +.........             (no amulet)
HPRegen  1.30/turn              s - ring of ice
MPRegen  0.12/turn              d - +6 ring of dexterity

@: about to teleport, regenerating
A: large, unfitting armour, tough skin 1
a: Berserk, Trog's Hand, Brothers in Arms, Renounce Religion


You were on level 9 of the Dungeon.
You worshipped Trog.
Trog was greatly pleased with you.
You were hungry.

You visited 1 branch of the dungeon, and saw 10 of its levels.

You collected 528 gold pieces.
You spent 168 gold pieces at shops.

Inventory:

Hand Weapons
 a - the +7 whip "Faorgh" (weapon) {slash, rF++ Int+7}
   (You found it on level 4 of the Dungeon)

   It inflicts extra damage upon your enemies.
   It affects your intelligence (+7).
   It greatly protects you from fire.
 b - a +3 mace of venom
 f - a +3 trident
 y - the cursed +0 hunting sling "Ichec" {velocity, rElec rF+ rC- rN+}
   (You found it on level 5 of the Dungeon)

   Any stone fired from it inflicts extra damage.
   It protects you from fire.
   It makes you vulnerable to cold.
   It insulates you from electricity.
   It protects you from negative energy.
   It has a curse placed upon it.
 M - a +0 broad axe of chopping
Missiles
 h - 36 poisoned darts
 w - 4 curare-tipped darts
 D - 3 boomerangs (quivered)
 G - a throwing net
Armour
 p - a +1 robe of magic resistance (worn)
 I - a scarf of repulsion
 K - a +2 cloak of poison resistance (worn)
Jewellery
 d - a +6 ring of dexterity (right hand)
 k - a +3 ring of intelligence
 s - a ring of ice (left hand)
 C - an uncursed ring of ice
Wands
 q - a wand of enslavement (11)
 r - a wand of iceblast (14)
 E - a wand of flame (12)
Scrolls
 g - 3 scrolls of magic mapping {unknown}
 j - 3 scrolls of enchant weapon
 m - 2 scrolls of immolation {unknown}
 n - 4 scrolls of teleportation
 x - 3 scrolls of remove curse
 F - a scroll of fear {unknown}
 L - a scroll of fog {unknown}
Potions
 l - a potion of lignification
 o - 2 potions of agility
 t - 5 potions of curing
 u - 2 potions of flight
 z - 2 potions of might {unknown}
 A - 2 potions of cancellation
 B - 2 potions of mutation {unknown}
Comestibles
 c - 11 rations
 i - 4 chunks of flesh


   Skills:
 + Level 12.6 Fighting
   Level 1.0 Short Blades
 + Level 10.8 Maces & Flails
 + Level 6.7 Throwing
 * Level 3.3 Armour
 - Level 2.6 Dodging
 - Level 0.1 Stealth


You had 10 spell levels left.
You didn't know any spells.
Your spell library was empty.

Dungeon Overview and Level Annotations

Branches:
Dungeon (10/15)            Temple (0/1) D:7             Orc (0/2) D:9
   Lair: D:8-11

Altars:
Cheibriados
Dithmenos
Elyvilon
Kikubaaqudgha
Makhleb
Ru
The Shining One

Shops:
D:9 (

Annotations:
D:3 exclusion: downstairs


Innate Abilities, Weirdness & Mutations

You are too large for most types of armour.
You have tough skin. (AC +1)


Message History

You whack the elephant!
The elephant is moderately wounded.
The ogre hits you with a +0 giant club!!
* * * LOW HITPOINT WARNING * * *
The crocodile bites you!
* * * LOW HITPOINT WARNING * * *
The elephant tramples you but does no damage.
The elephant trunk-slaps you but does no damage.
You hit the elephant.
The elephant is heavily wounded.
The crocodile barely misses you.
Unknown command.
You hit the elephant.
The elephant is heavily wounded.
The elephant tramples you.
* * * LOW HITPOINT WARNING * * *
You hold your ground!
The elephant trunk-slaps you.
* * * LOW HITPOINT WARNING * * *
The ogre hits you with a +0 giant club!!
You die...

#.....# ##...........### #
#.....# #..........##### #
##.#.######.##...........# #
#...##...#.##.##.##.###.####
###....#.#.##.##.....##.##..
####...#.##.......[##.##)#
##.##............#.##.#
#.##t####............#
#.##G@Y.รท....[(.......
#.##O#####.###(....###
#.##.# #.##(......## #.##.#
#.#.........# #.##.#
#.##.......##
#.##.#####.###.....<..
###.##.##....# ##...####
#|..##....#### ##.##
#.####.#..########.#


You could see an elephant, an eye of draining, a crocodile and an ogre.

Vanquished Creatures
  A two-headed ogre (D:8)
  Pikel (D:7)
  Maurice (D:8)
  Prince Ribbit (D:6)
  Grinder (D:4)
  A hippogriff (D:9)
  4 yaks
  2 hungry ghosts
  A steam dragon (D:7)
  2 insubstantial wisps (D:7)
  An ice beast (D:7)
  2 orc warriors (D:8)
  3 slaves (D:7)
  2 phantoms
  A black bear (D:5)
  A necrophage (D:7)
  4 sky beasts
  5 centaurs
  7 ogres
  A crocodile (D:9)
  A bullfrog (D:8)
  Blork the orc (D:4)
  A wyvern skeleton (D:9)
  2 water moccasin skeletons
  3 killer bees (D:7)
  13 wights
  A howler monkey (D:4)
  A crimson imp (D:10)
  2 centaur zombies
  A hound (D:9)
  A quasit (D:7)
  2 jellies (D:6)
  6 orc priests
  Crazy Yiuf (D:7)
  12 orc wizards
  A centaur skeleton (D:7)
  An iguana (D:6)
  4 worker ants
  A hound zombie (D:6)
  2 hound skeletons
  A worker ant zombie (D:5)
  10 gnolls
  7 adders
  A shadow imp (D:8)
  2 oozes
  2 adder skeletons (D:9)
  4 worms
  4 dart slugs (D:1)
  6 leopard geckos
  31 orcs
  A ball python (D:8)
  10 giant cockroaches
  10 goblins
  6 hobgoblins
  4 jackals
  4 quokkas
  8 bats
  4 frilled lizards
  14 kobolds
  A quokka skeleton (D:7)
  5 rats
234 creatures vanquished.

Vanquished Creatures (others)
  A slave (D:7)
  An orc (D:10)
2 creatures vanquished.

Grand Total: 236 creatures vanquished

Notes
Turn   | Place    | Note
-------+----------+-------------------------------------------
     0 | D:1      | heesunah the Ogre Berserker began the quest for the Orb.
     0 | D:1      | Reached XP level 1. HP: 24/24 MP: 1/1
    33 | D:1      | Reached XP level 2. HP: 23/33 MP: 2/2
   805 | D:1      | Reached XP level 3. HP: 40/40 MP: 3/3
  1254 | D:2      | Reached ** piety under Trog
  1262 | D:2      | Reached skill level 5 in Fighting
  1267 | D:2      | Reached XP level 4. HP: 27/50 MP: 4/4
  1470 | D:2      | Found an ancient bone altar of Kikubaaqudgha.
  1930 | D:2      | Reached XP level 5. HP: 58/59 MP: 5/5
  2450 | D:3      | Found a shadowy altar of Dithmenos.
  2588 | D:3      | Reached skill level 6 in Fighting
  2606 | D:3      | Noticed an ogre
  2634 | D:3      | Killed an ogre
  2887 | D:3      | Reached XP level 6. HP: 66/68 MP: 6/6
  3002 | D:3      | Reached *** piety under Trog
  3316 | D:4      | Noticed Grinder
  3379 | D:4      | You fall into a shaft and drop 3 floors!
  3391 | D:7      | Reached skill level 7 in Fighting
  3401 | D:7      | Identified the cursed +1 rapier "Vighoheg" {speed, *Drain
                  | rElec rC+ Int+5}
  3547 | D:7      | Noticed a sky beast
  3548 | D:7      | Noticed an insubstantial wisp
  3574 | D:7      | Killed a sky beast
  3574 | D:7      | Reached skill level 5 in Maces & Flails
  3641 | D:7      | Killed an insubstantial wisp
  3641 | D:7      | Reached skill level 8 in Fighting
  3641 | D:7      | Reached XP level 7. HP: 30/80 MP: 7/7
  3862 | D:7      | Found a staircase to the Ecumenical Temple.
  3878 | D:7      | Reached skill level 1 in Throwing
  3880 | D:7      | Reached skill level 1 in Short Blades
  4319 | D:6      | Reached skill level 9 in Fighting
  4324 | D:6      | Reached XP level 8. HP: 35/92 MP: 8/8
  4609 | D:6      | Noticed Prince Ribbit
  4650 | D:6      | Killed Prince Ribbit
  4799 | D:5      | Entered Level 5 of the Dungeon
  5139 | D:4      | Paralysed by Grinder for 4 turns
  5156 | D:4      | Killed Grinder
  5156 | D:4      | Reached skill level 10 in Fighting
  5467 | D:4      | Got a transparent whip
  5476 | D:4      | Identified the +7 whip "Faorgh" {slash, rF++ Int+7} (You
                  | found it on level 4 of the Dungeon)
  5507 | D:4      | Noticed Blork the orc
  5512 | D:4      | Killed Blork the orc
  5512 | D:4      | Reached XP level 9. HP: 101/101 MP: 9/9
  5754 | D:5      | Found a sacrificial altar of Ru.
  5813 | D:5      | Identified the cursed +0 hunting sling "Ichec" {velocity,
                  | rElec rF+ rC- rN+} (You found it on level 5 of the Dungeon)
  6148 | D:5      | Reached **** piety under Trog
  6362 | D:5      | Received a gift from Trog
  6865 | D:6      | Found a burning altar of Makhleb.
  7174 | D:6      | Found a snail-covered altar of Cheibriados.
  7676 | D:7      | Noticed Pikel
  7703 | D:7      | Paralysed by Pikel for 7 turns
  7711 | D:7      | Killed Pikel
  7711 | D:7      | Reached skill level 11 in Fighting
  7711 | D:7      | Reached skill level 5 in Throwing
  8378 | D:7      | Reached XP level 10. HP: 100/114 MP: 10/10
  9020 | D:7      | Found a runed translucent door.
  9021 | D:7      | Noticed Crazy Yiuf
  9030 | D:7      | Killed Crazy Yiuf
  9285 | D:8      | Noticed a two-headed ogre
  9307 | D:8      | Killed a two-headed ogre
  9307 | D:8      | Reached skill level 1 in Armour
  9686 | D:8      | Noticed Maurice
  9689 | D:8      | Paralysed by Maurice for 5 turns
  9703 | D:8      | Paralysed by something for 5 turns
  9722 | D:8      | Killed Maurice
  9722 | D:8      | Reached skill level 12 in Fighting
  9722 | D:8      | Reached skill level 10 in Maces & Flails
 11171 | D:9      | Received a gift from Trog
 11451 | D:9      | Found a staircase to the Orcish Mines.
 11478 | D:9      | Reached XP level 11. HP: 108/124 MP: 11/11
 11838 | D:9      | Found a glowing golden altar of the Shining One.
 11856 | D:9      | Found Gykoc's Antique Weapon Emporium.
 11862 | D:9      | Bought a glowing broad axe for 168 gold pieces
 12017 | D:9      | Reached ***** piety under Trog
 12089 | D:9      | Received a gift from Trog
 12129 | D:9      | Found a white marble altar of Elyvilon.
 12334 | D:10     | Entered Level 10 of the Dungeon
 12653 | D:9      | Mangled by an ogre

Levels and vault maps discovered:
D:1:      dpeg_arrival_stonehenge_12_columns, layout_loops_ring,
          minmay_split_cup_large
D:2:      layout_loops_ring, lemuel_crystal_altar, minivault_23
D:3:      layout_basic, old_standard_altar
D:4:      layout_cave_pools, first_ration, uniq_blork_the_orc, uniq_grinder
D:5:      layout_loops_cross, nicolae_ru_path_of_blood
D:6:      layout_cave_pods, cheibrodos_worm_habitat, bloody_makhleb,
          uniq_prince_ribbit1
D:7:      layout_loops_ring, minmay_temple_entry_arrows, hangedman_misty_isle,
          uniq_crazy_yiuf_cottage, uniq_pikel
D:8:      layout_basic, uniq_maurice
D:9:      layout_loops_ring, lemuel_crystal_altar, david_orc_2, basic_altar,
          serial_shops, shop
D:10:     minmay_cornered_nines, layout_rooms, david_lair_generic, serial_bayou,
          serial_bayou_ford_a, serial_bayou_pond_d, serial_bayou_pond_b,
          serial_bayou_crossing, serial_bayou_pond_a, grunt_pizzeria

Skill      XL: |  1  2  3  4  5  6  7  8  9 10 11 |
---------------+----------------------------------+-----
Maces & Flails | 3 4 5 7 9 10 | 10.8
Fighting       | 5 6 8 9 10 11 12 | 12.6
Throwing       | 1 3 5 6 |  6.7
Short Blades   | 1 |  1.0
Armour         | 2 3 |  3.3
Dodging        | |  2.6
Stealth        | |  0.1

Action                   |  1- 3 |  4- 6 |  7- 9 | 10-12 || total
-------------------------+-------+-------+-------+-------++-------
Melee: Mace              |    62 |    24 |    97 |       ||   183
       Hand axe          |    32 |   103 |     5 |       ||   140
       Rapier            |       |    48 |       |       ||    48
       Whip              |       |       |   172 |   285 ||   457
Throw: Dart              |       |     8 |    34 |    29 ||    71
       Boomerang         |       |       |       |    30 ||    30
Invok: Berserk           |     4 |       |     3 |     1 ||     8
       Trog's Hand       |       |     1 |     1 |     2 ||     4
  Use: Scroll            |       |     6 |     9 |     1 ||    16
       Potion            |       |     1 |     1 |     1 ||     3
  Eat: Chunk             |     4 |     7 |    14 |    16 ||    41
       Ration            |       |     1 |     1 |       ||     2
Armor: Animal skin       |    20 |    37 |    58 |    26 ||   141
       Robe              |       |       |       |    15 ||    15
Dodge: Dodged            |    69 |    81 |   120 |   114 ||   384
       Deflected         |       |       |       |     1 ||     1
